 Dungeon Crawl Stone Soup version 0.30-a0-1163-gf69bf04e7a (webtiles) character file.

Game seed: 9979663682194571906

343 cheesebisquit the Trooper (level 6, 0/60 HPs)
             Began as a Draconian Fire Elementalist on Apr 28, 2023.
             Slain by Duvessa
             ... wielding a +0 short sword
              (8 damage)
             ... on level 4 of the Dungeon.
             The game lasted 00:12:53 (3121 turns).

cheesebisquit the Trooper (DrFE)                    Turns: 3121, Time: 00:12:54

Health: 0/60       AC:  7    Str: 11    XL:     6   Next: 31%
Magic:  9/9        EV: 12    Int: 17    God:
Gold:   188        SH:  0    Dex: 17    Spells: 8/9 levels left

rFire   + . .        l - +3 hand axe (vamp)
rCold   + . .        (no shield)
rNeg    . . .        (body armour unavailable)
rPois   +            (helmet restricted)
rElec   +            (no cloak)
rCorr   +            (no gloves)
SInv    +            k - +0 pair of boots
Will    .....        i - amulet of the acrobat
Stlth   ++           v - ring of see invisible
HPRegen 0.30/turn    x - +6 ring of dexterity
MPRegen 0.11/turn

%: acrobat
@: resistant
A: AC +6, unfitting armour, cold-blooded
a: no special abilities


You were on level 4 of the Dungeon.
You visited 1 branch of the dungeon, and saw 4 of its levels.

You collected 188 gold pieces.

Inventory:

Hand Weapons
 l - a +3 vampiric hand axe (weapon)
 z - a +0 flail of protection
Missiles
 u - 5 poisoned darts
Armour
 k - a +0 pair of boots (worn)
 s - a +0 buckler
Jewellery
 i - an amulet of the acrobat (around neck)
 v - a ring of see invisible (left hand)
 x - a +6 ring of dexterity (right hand)
Wands
 a - a wand of mindburst (8)
 b - a wand of quicksilver (9)
 A - a wand of iceblast (7)
Scrolls
 c - a scroll of enchant weapon {unknown}
 d - a scroll of identify
 e - 2 scrolls of noise
 g - a scroll of fog {unknown}
 h - a scroll of silence {unknown}
 o - a scroll of immolation {unknown}
 r - a scroll of magic mapping {unknown}
 t - a scroll of vulnerability {unknown}
 w - a scroll of fear
 y - a scroll of enchant armour {unknown}
 B - a scroll of teleportation {unknown}
Potions
 j - a potion of degeneration {unknown}
 m - 2 potions of attraction
 n - a potion of might {unknown}
 p - a potion of lignification {unknown}
 q - a potion of heal wounds {unknown}


   Skills:
 + Level 7.0 Fighting
 - Level 1.7 Dodging
 - Level 1.7 Stealth
 - Level 2.0 Spellcasting
 - Level 1.0 Conjurations
 - Level 3.0 Fire Magic


You had 8 spell levels left.
You knew the following spells:

 Your Spells              Type           Power      Damage    Failure   Level
a - Foxfire               Conj/Fire      32%        2x1d5     9%          1

Your spell library contained the following spells:

 Spells                   Type           Power      Damage    Failure   Level
 Scorch                   Fire           22%        2d6       9%          2
 Sandblast                Erth           2%         2d4       19%         1
 Passwall                 Tmut/Erth      0%         N/A       28%         2
 Inner Flame              Hex/Fire       6%         N/A       30%         3
 Volatile Blastmotes      Fire/Tloc      12%        2d11      30%         3
 Stone Arrow              Conj/Erth      6%         3d7       43%         3
 Flame Wave               Conj/Fire      8%         2d5       63%         4


Dungeon Overview and Level Annotations

Branches:
Dungeon (4/15)
 Temple: D:4-7

Altars:
Gozag
Uskayaw

Shops:
D:1 !

Annotations:
D:4 Dowan, Duvessa, Natasha


Innate Abilities, Weirdness & Mutations

Your plain brown scales are hard. (AC +6)
You cannot fit into any form of body armour.
You are cold-blooded and may be slowed by cold attacks.


Message History

The worm bites you but does no damage.
You hit the worm.
You feel better.
The worm is heavily wounded.
You hit Duvessa but do no damage. Duvessa hits you with a +0 short sword.
Duvessa closely misses you. The worm barely misses you.
You barely miss the worm.
The worm is heavily wounded.
You hit Duvessa but do no damage. Duvessa completely misses you.
Duvessa barely misses you. The worm closely misses you.
You barely miss the worm.
The worm is heavily wounded.
You hit Duvessa.
You feel better. Duvessa closely misses you.
Duvessa hits you with a +0 short sword.
You hit the worm.
The worm is severely wounded.
You hit Duvessa. Duvessa hits you with a +0 short sword.
Duvessa barely misses you. The worm barely misses you.
You barely miss the worm.
The worm is heavily wounded.
You closely miss Duvessa. Duvessa closely misses you.
Dowan gestures wildly while chanting.
Dowan blinks!
Duvessa barely misses you. The worm bites you!
* * * LOW HITPOINT WARNING * * *
As you read the scroll labelled NID TIMPALA, it crumbles to dust.
It is a scroll of identify.
e - 2 scrolls of noise Duvessa misses you.
Duvessa hits you with a +0 short sword.
* * * LOW HITPOINT WARNING * * *
The worm bites you.
* * * LOW HITPOINT WARNING * * *
As you read the scroll labelled FYQ GOROTOAPO, it crumbles to dust.
You assume a fearsome visage.
Duvessa resists with some effort.
Dowan looks frightened!
The worm looks frightened!
It was a scroll of fear.
Duvessa hits you but does no damage.
Dowan casts a spell.
Dowan blinks!
It was a potion of resistance.
You feel protected. Duvessa hits you with a +0 short sword!
You die...

......## ## ≈.......
.# §......# ..
≈.....$####.
.....##.. #§≈.#._.
./.##.# # #.§.#.. .≈
#w##.##.# #.≈.#.###.≈
#@e.....#
#§§h......≈.
####.#### .§≈≈§≈≈≈≈≈.
#.#
.........(#######.#
#.#....>..........#
###.†.##.###.##.##.##
....#...........##.#
###.# ##>......###.#
#.####.###...###.#


You could see Duvessa (fast) and a worm (fleeing).

Vanquished Creatures
  Edmund (D:4)
  An iguana (D:4)
  Ijyb (D:3)
  Terence (D:3)
  Natasha (twice) (D:4)
  Robin (D:2)
  2 adders
  3 dart slugs
  An orc (D:3)
  7 endoplasms
  A giant cockroach (D:2)
  17 goblins
  12 hobgoblins
  3 jackals (D:2)
  A quokka (D:2)
  6 ball pythons
  2 bats (D:3)
  A frilled lizard (D:1)
  7 kobolds
  3 rats
73 creatures vanquished.

Vanquished Creatures (others)
  208 foxfires
  4 plants (D:3)
212 creatures vanquished.

Grand Total: 285 creatures vanquished

Notes
Turn   | Place    | Note
-------+----------+-------------------------------------------
     0 | D:1      | cheesebisquit the Draconian Fire Elementalist began the
                  | quest for the Orb.
     0 | D:1      | Reached XP level 1. HP: 14/14 MP: 3/3
    57 | D:1      | Found Cavul's Distillery.
   146 | D:1      | Reached skill level 1 in Fighting
   312 | D:1      | Reached XP level 2. HP: 24/24 MP: 3/5
   374 | D:1      | Reached skill level 2 in Fighting
  1031 | D:2      | Reached skill level 3 in Fighting
  1031 | D:2      | Reached XP level 3. HP: 31/31 MP: 4/6
  1405 | D:2      | Noticed Robin
  1431 | D:2      | HP: 1/33 [Robin/+0 club (2)]
  1435 | D:2      | Killed Robin
  1436 | D:2      | Reached skill level 4 in Fighting
  1795 | D:3      | Reached XP level 4. HP: 40/40 MP: 3/7
  1926 | D:3      | Noticed Ijyb
  1944 | D:3      | Killed Ijyb
  2216 | D:3      | Found a hide-covered altar of Uskayaw.
  2445 | D:3      | Noticed Terence
  2456 | D:3      | Killed Terence
  2457 | D:3      | Reached skill level 5 in Fighting
  2598 | D:3      | Reached XP level 5. HP: 48/48 MP: 5/8
  2721 | D:4      | Noticed Natasha
  2723 | D:4      | Noticed Edmund
  2731 | D:4      | Killed Natasha
  2759 | D:4      | Killed Edmund
  2760 | D:4      | Reached skill level 6 in Fighting
  2760 | D:4      | Reached XP level 6. HP: 29/58 MP: 1/9
  2830 | D:4      | Noticed Natasha
  2836 | D:4      | Killed Natasha
  2987 | D:4      | Found an opulent altar of Gozag.
  2992 | D:4      | Reached skill level 7 in Fighting
  3000 | D:4      | Noticed Natasha
  3098 | D:4      | Noticed Duvessa
  3098 | D:4      | Noticed Dowan
  3121 | D:4      | Slain by Duvessa

Illustrated notes

Levels and vault maps discovered:
D:1:      wheals_arrival_shading, layout_basic, serial_shops,
          nicolae_shop_trees, dk_noncrumbling_3, st_stairs_10
D:2:      layout_basic, minmay_misc_feat_doors, uniq_robin
D:3:      layout_basic, nicolae_uskayaw_suspiria, serial_bayou_crossing,
          uniq_terence, uniq_ijyb
D:4:      layout_loops_cross, mainiacjoe_overflow_brackets,
          minmay_misc_feat_plants, minmay_misc_feat_chi, uniq_edmund,
          uniq_duvessa, uniq_natasha

Skill      XL: |  1  2  3  4  5  6 |
---------------+-------------------+-----
Fighting       | 1 3 4 5 6 7 |  7.0
Dodging        | |  1.7
Stealth        | |  1.7
Spellcasting   | |  2.0
Conjurations   | |  1.0
Fire Magic     | |  3.0

Action                     |  1- 3 |  4- 6 || total
---------------------------+-------+-------++-------
  Melee: Dagger            |     9 |       ||     9
         Tailslap          |     5 |     1 ||     6
         Punch             |     1 |     1 ||     2
         Hand axe          |     7 |    37 ||    44
         Unarmed           |       |    20 ||    20
   Cast: Foxfire           |    61 |    60 ||   121
    Use: Potion            |     5 |     2 ||     7
         Scroll            |       |     2 ||     2
   Stab: Confused          |       |     1 ||     1
 Armour: Skin              |     4 |    16 ||    20
  Dodge: Dodged            |    14 |    50 ||    64

Table legend: (Time is in decaauts)
 A = Elapsed time spent in this place.
 B = Non-inter-level travel time spent in this place.
 C = Inter-level travel time spent in this place.
 D = Time resting spent in this place.
 E = Time spent auto-exploring this place.
 F = Levels seen in this place.
 G = Mean time per level.
                   A        B        C        D        E       F      G
               +--------+--------+--------+--------+--------+-----+--------+
         Total |   3136 |   3103 |     33 |     78 |   2493 |   4 |  784.0 |
       Dungeon |   3136 |   3103 |     33 |     78 |   2493 |   4 |  784.0 |
               +--------+--------+--------+--------+--------+-----+--------+

Top non-repeatable levels by time:
     D:3: 936 daAuts
     D:1: 906 daAuts
     D:2: 875 daAuts
     D:4: 417 daAuts
